 Dungeon Crawl Stone Soup version 0.31.0-9-g3a7656b989 (webtiles) character file.

Game seed: 18229885843819733212

15 Couri the Cutter (level 2, -3/18 HPs)
             Began as a Kobold Wanderer on Feb 4, 2024.
             Frozen to death by an endoplasm (5 damage)
             ... on level 1 of the Dungeon.
             The game lasted 00:01:19 (255 turns).

Couri the Cutter (Kobold Wanderer)                   Turns: 255, Time: 00:01:19

Health: -3/18      AC:  2    Str:  8    XL:     2   Next: 65%
Magic:  3/3        EV: 13    Int: 12    God:
Gold:   0          SH:  0    Dex: 16    Spells: 2/3 levels left

rFire   . . .        a - +2 short sword
rCold   . . .        (no shield)
rNeg    . . .        e - +0 robe
rPois   .            (no helmet)
rElec   .            (no cloak)
rCorr   .            (no gloves)
SInv    .            (no boots)
Will    .....        (no amulet)
Stlth   ++           (no ring)
HPRegen 0.23/turn    (no ring)
MPRegen 0.08/turn

%: no passive effects
@: no status effects
A: small, no large weapons, nightstalker 3
a: no special abilities


You were on level 1 of the Dungeon.
You visited 1 branch of the dungeon, and saw 1 of its levels.

Inventory:

Hand Weapons
 a - a +2 short sword (weapon)
 c - a +0 dagger
Missiles
 b - 12 poisoned darts (quivered)
Armour
 e - a +0 robe (worn)
Potions
 d - a potion of haste


   Skills:
 + Level 2.4 Fighting
 * Level 4.5 Short Blades
 + Level 2.5 Throwing
 - Level 1.2 Spellcasting
 - Level 2.0 Necromancy


You had 2 spell levels left.
You knew the following spells:

 Your Spells              Type           Power      Damage    Failure   Level
a - Kiss of Death         Conj/Necr      12%        2d6       19%         1

Your spell library contained the following spells:

 Spells                   Type           Power      Damage    Failure   Level
 Summon Small Mammal      Summ           0%         N/A       30%         1
 Vampiric Draining        Necr           5%         2d6       36%         3
 Call Canine Familiar     Summ           0%         N/A       65%         3
 Summon Blazeheart Golem  Fire/Summ      0%         N/A       96%         4


Dungeon Overview and Level Annotations

Branches:
Dungeon (1/15)

Altars:


Innate Abilities, Weirdness & Mutations

You are small and have problems with some larger weapons.
You are completely attuned to the shadows.


Message History

The jackal closely misses you. The frilled lizard closely misses you.
The jackal bites you.
* * * LOW HITPOINT WARNING * * *
You barely miss the jackal.
The jackal is almost dead.
The jackal bites you.
* * * LOW HITPOINT WARNING * * *
The jackal closely misses you. The jackal misses you.
The frilled lizard misses you. The jackal closely misses you.
Things that are here:
a +0 club; 5 stones You hit the jackal.
The jackal is moderately wounded.
The jackal barely misses you.
You hit the jackal.
The jackal is heavily wounded.
The jackal bites you.
* * * LOW HITPOINT WARNING * * *
You hit the jackal.
The jackal is severely wounded.
The jackal misses you.
You hit the jackal.
You kill the jackal!
You hit the jackal.
You kill the jackal!
You hit the jackal.
The jackal is heavily wounded.
The jackal bites you but does no damage.
You hit the jackal but do no damage.
The jackal is heavily wounded.
The jackal bites you.
* * * LOW HITPOINT WARNING * * *
You hit the jackal.
You kill the jackal!
You hit the frilled lizard.
You kill the frilled lizard!
The endoplasm freezes you.
You are frozen.
You die...

#.# #.#
#....#
#.#
#....#
#.#
.....#
#.#
.....#
#.#
.....###
#.#
......J#
#.#
...###@#
#.# ...
#.# #.#
.. #.#
#.# #.#
#.# #.#
####.#
#.#
#....#
#.#
#.####
#.#
#######.#
#.#
#.......#


You could see an endoplasm.

Vanquished Creatures
  An endoplasm (D:1)
  6 jackals (D:1)
  A quokka (D:1)
  A ball python (D:1)
  2 frilled lizards (D:1)
  A kobold (D:1)
  2 rats (D:1)
14 creatures vanquished.

Notes
Turn   | Place    | Note
-------+----------+-------------------------------------------
     0 | D:1      | Couri the Kobold Wanderer began the quest for the Orb.
     0 | D:1      | Couri set off with the following items: a +2 short sword,
                  | 12 poisoned darts, a +0 dagger, a potion of haste, a +0
                  | robe; and the following spell memorised: Kiss of Death; and
                  | the following spells available to memorise: Vampiric
                  | Draining.
     0 | D:1      | Reached XP level 1. HP: 12/12 MP: 2/2
    72 | D:1      | Reached XP level 2. HP: 18/18 MP: 3/3
   255 | D:1      | Frozen to death by an endoplasm

Illustrated notes

Levels and vault maps discovered:
D:1:      minmay_arrival_solitary_statue, layout_basic

Action                     || total
---------------------------++-------
  Melee: Short sword       ||    38
   Stab: Sleeping          ||     1
 Armour: Robe              ||    17
  Dodge: Dodged            ||    32
